 Dungeon Crawl Stone Soup version 0.30-a0-715-gdb4ae3ece1 (webtiles) character file.

Game seed: 16093176306493383641

1900 Crownlay the Reanimator (level 8, -3/54 HPs)
             Began as a Demonspawn Necromancer on Jan 23, 2023.
             Was an Initiate of Gozag.
             Slain by a human zombie (4 damage)
             ... in an ossuary.
             The game lasted 00:15:43 (7120 turns).

Crownlay the Reanimator (Demonspawn Necromancer)    Turns: 7120, Time: 00:15:44

Health: -3/54      AC:  3    Str:  9    XL:     8   Next: 93%
Magic:  6/14       EV: 12    Int: 19    God:    Gozag
Gold:   416        SH:  0    Dex: 13    Spells: 7/15 levels left

rFire   . . .      SeeInvis .    e - +0 club
rCold   . . .      Faith    .    (no shield)
rNeg    + . .      Spirit   .    a - +0 robe
rPois   .          Reflect  .    (no helmet)
rElec   .          Harm     .    (no cloak)
rCorr   .          Rampage  .    d - +0 pair of gloves
Will    .....                    (no boots)
Stlth   ++                       (no amulet)
HPRegen 0.29/turn                q - ring of positive energy
MPRegen 0.14/turn                (no ring)

@: freezing walls, attractive
A: demonic guardian 1, ignite blood 1, sturdy frame 1, demonic touch 2
a: Renounce Religion, Potion Petition, Call Merchant, Bribe Branch


You were in an ossuary.
You worshipped Gozag.
Gozag was aware of your devotion.
You visited 2 branches of the dungeon, and saw 7 of its levels.
You also visited: Ossuary.

You collected 520 gold pieces.
You paid 104 gold pieces to Gozag.

Inventory:

Hand Weapons
 e - a +0 club (weapon)
Missiles
 f - a throwing net
Armour
 a - a +0 robe (worn)
 d - a +0 pair of gloves (worn)
Jewellery
 q - a ring of positive energy (left hand)
Wands
 l - a wand of roots (6)
 r - a wand of flame (15)
Scrolls
 g - 2 scrolls of teleportation
 i - a scroll of silence {unknown}
 j - a scroll of magic mapping
 m - a scroll of poison {unknown}
 n - a scroll of identify
 p - a scroll of enchant weapon {unknown}
Potions
 b - 2 potions of magic
 c - a potion of attraction
 h - a potion of flight {unknown}
 k - a potion of resistance {unknown}
 s - a potion of brilliance {unknown}


   Skills:
 + Level 1.1 Fighting
 - Level 1.7 Dodging
 - Level 1.7 Stealth
 + Level 4.1 Spellcasting
 + Level 3.4 Summonings
 - Level 10.0 Necromancy
 + Level 5.3 Ice Magic


You had 7 spell levels left.
You knew the following spells:

 Your Spells              Type           Power      Damage    Failure   Level
a - Necrotise             Necr           100%       1d9       1%          1
b - Animate Dead          Necr           41%        N/A       2%          4
c - Frozen Ramparts       Ice            48%        1d8       4%          3

Your spell library contained the following spells:

 Spells                   Type           Power      Damage    Failure   Level
 Vampiric Draining        Necr           41%        2d8       1%          3
 Agony                    Necr           41%        N/A       6%          5
 Summon Ice Beast         Ice/Summ       20%        N/A       22%         4
 Vhi's Electric Charge    Tloc/Air       6%         N/A       38%         3
 Ice Form                 Ice/Tmut       14%        N/A       41%         4
 Arcjolt                  Conj/Air       1%         1d11      98%         5
 Maxwell's Capacitive Co  Air            1%         ∞         100%        8


Dungeon Overview and Level Annotations

Branches:
Dungeon (6/15)             Temple (1/1) D:5         Ossuary (1/1)

Altars:
Ashenzari
Cheibriados
Fedhas
Gozag
Hepliaklqana
Makhleb
Qazlal
Ru
Sif Muna
Uskayaw
Vehumet
Wu Jian
Xom

Shops:
D:3 =


Innate Abilities, Weirdness & Mutations

A weak demonic guardian rushes to your aid.
Your demonic aura sometimes causes spilled blood to erupt in flames.
Your movements are slightly less encumbered by armour. (ER -2)
Your touch may inflict irresistible damage on your foes.


Message History

A demonic guardian appears!
You hit the human zombie. You punch the human zombie.
The human zombie is severely damaged.
The human zombie completely resists.
The wall freezes the human zombie but does no damage.
The human zombie hits you.
* * * LOW HITPOINT WARNING * * *
Your white imp hits the human zombie.
Your white imp freezes the human zombie.
The human zombie completely resists.
You closely miss the human zombie.
The human zombie is severely damaged.
Your white imp gestures at the human zombie.
The puff of frost misses the human zombie.
The human zombie resists.
The wall freezes the human zombie.
The human zombie hits you.
* * * LOW HITPOINT WARNING * * *
Okay, then.
Your frozen ramparts will break if you move.
Continue?
Okay, then.
It was a potion of attraction.
You feel attractive to monsters.
Your white imp gestures at the human zombie.
The puff of frost hits the human zombie.
The human zombie resists.
The human zombie completely resists.
The wall freezes the human zombie but does no damage.
The human zombie hits your white imp!
Okay, then.
Okay, then.
Aiming: Throw Flame
Press: ? - help, Shift-Dir - straight line, f - human zombie
Aim: a human zombie (severely damaged, not watching you, ally target, 77% to hit)
The puff of flame hits the human zombie.
The human zombie is almost destroyed.
Your white imp barely misses the human zombie.
The human zombie completely resists.
The wall freezes the human zombie but does no damage.
The human zombie hits you.
You die...
Your body crumbles into a pile of gold.

#.......# ##.....##
###.### #'# ###.###
#### ##.....##
#...## #.......#
.....#
##...∩...###.....##
+...∩∩∩...@Z......#
##...∩...###5....##
#.......# .....#
##.....## #...##
###.### #### #+#


You could see a human zombie (ally target) and a friendly white imp (summoned).

Vanquished Creatures
  A water moccasin (D:5)
  4 black bears (D:5)
  3 phantoms (D:5)
  4 elf zombies
  A kobold brigand (D:5)
  A necrophage (D:5)
  An elf skeleton (D:6)
  2 scorpions (D:5)
  3 jellies
  3 centaur zombies (Ossuary)
  A human zombie (Ossuary)
  An orc priest (D:3)
  2 iguanas
  An orc wizard (D:5)
  2 mummies (Ossuary)
  3 gnolls (D:4)
  6 adders
  An ufetubus (D:5)
  2 worms
  5 dart slugs
  9 orcs
  4 bats
  7 endoplasms
  7 giant cockroaches
  7 goblins
  2 hobgoblins
  4 jackals
  5 quokkas
  6 ball pythons
  3 frilled lizards (D:2)
  5 kobolds
  2 rats
108 creatures vanquished.

Vanquished Creatures (collateral kills)
  An elf zombie (D:6)
  An iron imp (D:5)
  A worm (D:5)
  An orc zombie (D:6)
4 creatures vanquished.

Vanquished Creatures (others)
  4 plants (D:2)
4 creatures vanquished.

Grand Total: 116 creatures vanquished

Notes
Turn   | Place    | Note
-------+----------+-------------------------------------------
     0 | D:1      | Crownlay the Demonspawn Necromancer began the quest for the
                  | Orb.
     0 | D:1      | Reached XP level 1. HP: 13/13 MP: 3/3
   241 | D:1      | Gained mutation: Your demonic aura sometimes causes spilled
                  | blood to erupt in flames. [demonic ancestry]
   241 | D:1      | Reached XP level 2. HP: 18/19 MP: 1/5
   325 | D:1      | Reached skill level 5 in Necromancy
  1141 | D:2      | Reached XP level 3. HP: 23/24 MP: 2/6
  1296 | D:2      | Found a faded altar of an unknown god.
  1445 | D:2      | Reached skill level 6 in Necromancy
  1721 | D:2      | Gained mutation: Your touch may inflict minor irresistible
                  | damage on your foes. [demonic ancestry]
  1721 | D:2      | Reached XP level 4. HP: 13/30 MP: 0/7
  2297 | D:3      | Learned a level 4 spell: Animate Dead
  2549 | D:3      | Found Miskenk's Jewellery Emporium.
  2794 | D:4      | Reached skill level 7 in Necromancy
  2794 | D:4      | Gained mutation: Your movements are slightly less
                  | encumbered by armour. (ER -2) [demonic ancestry]
  2794 | D:4      | Reached XP level 5. HP: 29/35 MP: 0/8
  3221 | D:4      | Reached skill level 1 in Ice Magic
  3973 | D:5      | Entered Level 5 of the Dungeon
  4007 | D:5      | Noticed a black bear
  4022 | D:5      | Found a staircase to the Ecumenical Temple.
  4032 | Temple   | Entered the Ecumenical Temple
  4163 | Temple   | Became a worshipper of Gozag Ym Sagoz the Greedy
  4246 | D:5      | Gained mutation: Your touch may inflict irresistible damage
                  | on your foes. [demonic ancestry]
  4246 | D:5      | Reached XP level 6. HP: 19/39 MP: 9/9
  4410 | D:5      | Reached skill level 8 in Necromancy
  4496 | D:5      | Gained mutation: A weak demonic guardian rushes to your
                  | aid. [demonic ancestry]
  4496 | D:5      | Reached XP level 7. HP: 6/46 MP: 0/10
  4915 | D:5      | Found a shimmering blue altar of Sif Muna.
  5091 | D:5      | Reached skill level 9 in Necromancy
  5575 | D:5      | Reached skill level 10 in Necromancy
  5575 | D:5      | Reached XP level 8. HP: 46/52 MP: 5/11
  5714 | D:5      | Found a snail-covered altar of Cheibriados.
  6056 | D:5      | Reached skill level 1 in Summonings
  6382 | D:6      | Found a sand-covered staircase.
  6471 | Ossuary  | Entered an ossuary
  6549 | Ossuary  | Learned a level 3 spell: Frozen Ramparts
  6673 | Ossuary  | Reached skill level 5 in Ice Magic
  7033 | Ossuary  | Reached skill level 1 in Fighting
  7118 | Ossuary  | HP: 1/54 [human zombie (6)]
  7120 | Ossuary  | Slain by a human zombie

Illustrated notes

Levels and vault maps discovered:
D:1:      dpeg_arrival_chambers_temple_mockup, layout_loops_ring,
          amcnicky_mini_corridor_feature, hangedman_decor_clover_reticule,
          minmay_crystal_room
D:2:      layout_rooms, hellmonk_ecumenical_altar_pennies_from_heaven,
          serial_bayou, serial_bayou_shore_a, serial_bayou_lagoon_b,
          serial_bayou_lagoon_a, serial_bayou_shore_b,
          chequers_serial_rivers_room_b, minmay_tiny_reverse_x
D:3:      layout_rooms, serial_shops, shop, item_on_display_a
D:4:      cheibrodos_quashed, layout_basic, minivault_5
D:5:      minmay_opposing_rooms, layout_basic, slow_altar_2, tgw_sif,
          minmay_temple_entry_arrows
D:6:      minmay_angry_zag, layout_loops_cross, nicolae_ossuary_entry_catacombs
Temple:   jpeg_temple_clearing
Ossuary:  ossuary_minmay_four_chambers

Skill      XL: |  1  2  3  4  5  6  7  8 |
---------------+-------------------------+-----
Necromancy     | 5 6 7 8 10 | 10.0
Ice Magic      | 1 3 4 5 |  5.3
Spellcasting   | 4 |  4.1
Summonings     | 3 |  3.4
Fighting       | 1 |  1.1
Dodging        | |  1.7
Stealth        | |  1.7

Action                     |  1- 3 |  4- 6 |  7- 9 || total
---------------------------+-------+-------+-------++-------
  Melee: Unarmed           |    12 |       |       ||    12
         Club              |    12 |    43 |   160 ||   215
         Touch             |       |     8 |    49 ||    57
         Punch             |       |     1 |     6 ||     7
   Cast: Necrotise         |    64 |   107 |    76 ||   247
         Frozen Ramparts   |       |       |    14 ||    14
  Evoke: Wand              |       |       |     1 ||     1
    Use: Scroll            |       |     5 |     1 ||     6
         Potion            |       |     2 |     2 ||     4
   Stab: Distracted        |       |       |     1 ||     1
 Armour: Robe              |     7 |    17 |    42 ||    66
  Dodge: Dodged            |    23 |    77 |   137 ||   237

Table legend: (Time is in decaauts)
 A = Elapsed time spent in this place.
 B = Non-inter-level travel time spent in this place.
 C = Inter-level travel time spent in this place.
 D = Time resting spent in this place.
 E = Time spent auto-exploring this place.
 F = Levels seen in this place.
 G = Mean time per level.
                   A        B        C        D        E       F      G
               +--------+--------+--------+--------+--------+-----+--------+
         Total |   7235 |   6950 |    285 |    183 |   5470 |   8 |  904.4 |
       Dungeon |   6405 |   6178 |    227 |     72 |   5011 |   6 | 1067.5 |
        Temple |    155 |     97 |     58 |      0 |     83 |   1 |  155.0 |
       Ossuary |    674 |    674 |      0 |    111 |    376 |   1 |  674.0 |
               +--------+--------+--------+--------+--------+-----+--------+

Top non-repeatable levels by time:
     D:5: 2080 daAuts
     D:4: 1248 daAuts
     D:2: 1221 daAuts
     D:1: 985 daAuts
 Ossuary: 674 daAuts
     D:3: 606 daAuts
     D:6: 263 daAuts
  Temple: 155 daAuts
